Map: Ruins of Seras

Players

XionS - Winner!

  • Race: Protoss Protoss
  • League: Grandmaster

MorN

  • Race: Terran Terran
  • League: Master

VOD

Have the link to the VOD?

Description

Time

  • Played on: Nov. 22, 2015, 8:58 p.m.
  • Length: 6:22
Show
View Real Time Build Order
Export as new Build Order

XionS Protoss - Winner!

Build Orders:  

Get SALT Encoding   

  12  0:01  Probe (Chrono Boost)  
  13  0:11  Probe (Chrono Boost)  
  14  0:19  Pylon  
  14  0:22  Probe (Chrono Boost)  
  15  0:37  Probe (Chrono Boost), Gateway  
  16  0:43  Assimilator  
  16  0:48  Probe (Chrono Boost)  
  17  0:58  Probe (Chrono Boost)  
  18  1:09  Probe (Chrono Boost)  
  19  1:19  Probe (Chrono Boost)  
  20  1:26  Cybernetics Core  
  20  1:30  Probe (Chrono Boost)  
  21  1:40  Probe (Chrono Boost)  
  22  1:48  Nexus  
  22  1:54  Pylon  
  22  1:58  Probe (Chrono Boost)  
  23  2:03  Warp Gate (Chrono Boost)  
  23  2:13  Mothership Core, Adept  
  27  2:22  Pylon  
  27  2:34  Probe  
  28  2:46  Probe  
  29  2:52  Gateway x2  
  29  2:54  Gateway  
  29  2:58  Probe  
  30  2:59  Probe  
  31  3:06  Assimilator  
  31  3:10  Probe x2  
  33  3:21  Probe  
  33  3:22  Probe  
  35  3:32  Probe (Chrono Boost)  
  36  3:34  Probe (Chrono Boost)  
  37  3:44  Probe (Chrono Boost)  
  37  3:46  Probe (Chrono Boost)  
  39  3:51  Adept x4  
  39  3:55  Probe (Chrono Boost)  
  48  3:57  Pylon  
  48  3:58  Probe (Chrono Boost)  
  49  4:03  Pylon  
  49  4:19  Stalker  
  49  4:20  Stalker  
  49  4:22  Sentry  
  49  4:23  Stalker  
  55  4:25  Probe (Chrono Boost)  
  56  4:35  Probe (Chrono Boost)  
  55  4:42  Probe (Chrono Boost)  
  56  4:46  Stalker x2, Probe (Chrono Boost)  
  56  4:47  Adept  
  56  4:49  Adept  
  65  4:53  Probe (Chrono Boost)  
  65  4:56  Assimilator  
  65  4:57  Probe (Chrono Boost)  
  67  5:00  Assimilator  
  67  5:02  Robotics Facility  
  67  5:07  Probe (Chrono Boost)  
  64  5:25  Probe (Chrono Boost)  
  64  5:26  Stalker x2  
  67  5:36  Probe (Chrono Boost)  
  68  5:45  Pylon  
  68  5:46  Probe x2 (Chrono Boost)  
  70  5:53  Pylon x2  
  70  5:56  Probe (Chrono Boost)  
  70  5:57  Probe (Chrono Boost)  
  70  6:04  Nexus  
  69  6:07  Probe x2 (Chrono Boost)  
  71  6:16  Stalker x3  
  71  6:17  Stalker  
Show
View Real Time Build Order
Export as new Build Order

MorN Terran 

Build Orders: Cyclone Opening 

Get SALT Encoding   

  12  0:00  SCV  
  13  0:12  SCV  
  14  0:18  Supply Depot  
  14  0:24  SCV  
  15  0:39  SCV  
  15  0:40  Barracks  
  16  0:44  Refinery  
  16  0:52  SCV  
  17  1:04  SCV  
  18  1:16  SCV  
  19  1:27  Marine  
  19  1:28  Orbital Command  
  20  1:45  Command Center  
  20  1:57  Factory  
  20  1:59  Marine  
  21  2:09  Supply Depot  
  21  2:18  SCV  
  21  2:20  Marine  
  23  2:30  SCV  
  24  2:40  Factory Tech Lab, Marine  
  24  2:42  SCV, Barracks  
  25  2:55  SCV  
  25  2:57  Marine  
  27  2:59  Cyclone  
  27  3:04  Orbital Command  
  30  3:07  SCV  
  31  3:14  Refinery  
  31  3:16  Engineering Bay  
  31  3:18  Marine  
  32  3:26  SCV  
  33  3:36  SCV  
  33  3:38  SCV  
  35  3:44  Stimpack  
  35  3:47  Factory Reactor  
  35  3:50  SCV, Barracks, Missile Turret  
  36  3:56  Marine x2  
  36  4:00  SCV  
  40  4:02  SCV  
  38  4:12  SCV  
  33  4:22  SCV, Marine  
  33  4:23  Marine  
  36  4:24  SCV  
  36  4:29  Starport  
  37  4:33  Factory Reactor  
  37  4:43  Marauder, Bunker, Marine  
  35  5:01  Marine  
  35  5:04  Marauder  
  28  5:26  Marauder  
  27  5:30  Marine x3  
  30  5:38  Medivac x2  
  29  5:47  Marine  
  29  5:48  Marine  
Tags
 
Add a new tag
Caveats
  • Supply blocks, unpowered buildings, or Contaminate may cause inaccurate times.
  • Supply counts are checked every 10 seconds.